 Dungeon Crawl Stone Soup version 0.31-a0-1-g4198be8af4 (webtiles) character file.

Game seed: 14576851124576886375

186 cheesebisquit the Grave Robber (level 5, -1/42 HPs)
             Began as a Ghoul Necromancer on Apr 30, 2023.
             Slain by a phantom (5 damage)
             ... on level 2 of the Dungeon.
             The game lasted 00:11:33 (4190 turns).

cheesebisquit the Grave Robber (Ghoul Necromancer)  Turns: 4190, Time: 00:11:33

Health: -1/42      AC:  2    Str: 12    XL:     5   Next: 65%
Magic:  7/7        EV: 12    Int: 12    God:
Gold:   138        SH:  0    Dex:  9    Spells: 1/9 levels left

rFire   . .          .
                       - Unarmed
rCold   + . .        (no shield)
rNeg    + + +        a - +0 robe
rPois   ∞            (no helmet)
rElec   .            (no cloak)
rCorr   .            (no gloves)
SInv    +            (no boots)
Will    .....        (no amulet)
Stlth   ++           d - ring of wizardry
HPRegen 0.00/turn    q - ring of see invisible
MPRegen 0.10/turn

%: wizardry (x1)
@: brilliant, about to teleport, inhibited regen
A: claws 1, cold resistance 1, negative energy resistance 3, inhibited
regeneration, torment resistance 2, devour on kill
a: no special abilities


You were on level 2 of the Dungeon.
You visited 1 branch of the dungeon, and saw 3 of its levels.

You collected 138 gold pieces.

Inventory:

Armour
 a - a +0 robe (worn)
Jewellery
 d - a ring of wizardry (left claw)
 n - an amulet of faith
 q - a ring of see invisible (right claw)
Scrolls
 f - 2 scrolls of teleportation
 g - 3 scrolls of identify
 j - a scroll of poison {unknown}
 k - a scroll of immolation {unknown}
 l - a scroll of torment {unknown}
 m - 2 scrolls of enchant armour {unknown}
 p - a scroll of brand weapon {unknown}
 r - a scroll of silence {unknown}
Potions
 b - a potion of magic
 c - a potion of attraction


   Skills:
 + Level 2.3 Fighting
 + Level 2.7 Dodging
 - Level 2.1 Stealth
 + Level 2.2 Unarmed Combat
 + Level 2.6 Spellcasting
 + Level 4.6 Necromancy


You had one spell level left.
You knew the following spells:

 Your Spells              Type           Power      Damage    Failure   Level
a - Necrotise             Necr           76%        1d7       1%          1
b - Vampiric Draining     Necr           19%        2d7       4%          3
c - Animate Dead          Necr           19%        N/A       16%         4

Your spell library contained the following spells:

 Spells                   Type           Power      Damage    Failure   Level
 Cigotuvi's Dreadful Rot  Necr/Pois/Air  14%        N/A       9%          2
 Ignite Poison            Fire/Tmut/Pois 2%         N/A       30%         3
 Portal Projectile        Hex/Tloc       4%         N/A       30%         3
 Tukima's Dance           Hex            2%         N/A       30%         3
 Agony                    Necr           19%        N/A       38%         5
 Freezing Cloud           Conj/Ice/Air   1%         6-21      94%         5
 Blade Hands              Tmut           Unusable   N/A       N/A         5

Dungeon Overview and Level Annotations

Branches:
Dungeon (3/15)

Altars:
Hepliaklqana
Lugonu

Portals:
Abyss: D:3

Annotations:
D:3 2 runed translucent doors


Innate Abilities, Weirdness & Mutations

You are immune to poison.
You have sharp fingernails.
Your flesh is cold resistant. (rC+)
You are immune to negative energy. (rN+++)
You do not regenerate when monsters are visible.
You are immune to unholy pain and torment.
You thrive by killing the living.


Message History

The phantom is lightly damaged.
The phantom hits you.
Okay, then.
You scratch the phantom.
The phantom is moderately damaged.
The phantom closely misses you.
You scratch the phantom but do no damage.
The phantom is moderately damaged.
The phantom hits you.
You scratch the phantom.
The phantom is heavily damaged.
The phantom hits you.
You scratch the phantom but do no damage.
The phantom is heavily damaged.
The phantom closely misses you.
You scratch the phantom but do no damage.
The phantom is heavily damaged.
The phantom hits you.
The phantom blinks!
You blink.
You closely miss the phantom.
The phantom is heavily damaged.
The phantom hits you.
* * * LOW HITPOINT WARNING * * *
You scratch the phantom but do no damage.
The phantom is heavily damaged.
The phantom hits you.
* * * LOW HITPOINT WARNING * * *
The phantom blinks!
You blink.
As you read the scroll labelled ORAUTS ESHILU, it crumbles to dust.
It is a scroll of identify.
f - 3 scrolls of teleportation The phantom hits you.
* * * LOW HITPOINT WARNING * * *
Okay, then.
As you read the scroll of teleportation, it crumbles to dust.
You feel strangely unstable.
The phantom hits you but does no damage.
The phantom attacks as you move away!
The phantom hits you but does no damage.
The phantom attacks as you move away! The phantom hits you.
You die...

#..#.##.#
#.......
#....##.#
#.######
#.......####.###
#..####.##.....#
#.......##....>#
##.#######.....#
#.# #.....# #W#
#.....# ##@###
####### #.#..#
##.#.### ###.#.##
#....## #####
##.....## #...#
#.......# #...###
##.....####......
##..........####


You could see a phantom.

Vanquished Creatures
  Natasha (D:3)
  8 adders
  2 worms
  2 dart slugs (D:2)
  An orc (D:3)
  9 endoplasms
  7 giant cockroaches
  8 goblins
  6 hobgoblins
  2 jackals (D:2)
  A quokka (D:2)
  5 ball pythons
  5 bats
  4 frilled lizards
  4 kobolds
  9 rats
74 creatures vanquished.

Vanquished Creatures (collateral kills)
  2 jackals (D:2)
  A frilled lizard (D:1)
3 creatures vanquished.

Vanquished Creatures (others)
  A demonic plant (D:3)
1 creature vanquished.

Grand Total: 78 creatures vanquished

Notes
Turn   | Place    | Note
-------+----------+-------------------------------------------
     0 | D:1      | cheesebisquit the Ghoul Necromancer began the quest for the
                  | Orb.
     0 | D:1      | Reached XP level 1. HP: 14/14 MP: 2/2
   150 | D:1      | Reached XP level 2. HP: 7/22 MP: 0/3
   587 | D:1      | Reached skill level 1 in Fighting
   587 | D:1      | Reached skill level 1 in Unarmed Combat
   655 | D:1      | Reached XP level 3. HP: 28/28 MP: 0/5
  1998 | D:2      | Reached XP level 4. HP: 35/35 MP: 1/6
  2129 | D:2      | Found a hazy altar of Hepliaklqana.
  2984 | D:3      | Found a large runed translucent door.
  2984 | D:3      | Found a large runed translucent door.
  3075 | D:3      | Found a faded altar of an unknown god.
  3075 | D:3      | Noticed a cacodemon
  3103 | D:3      | Found a corrupted altar of Lugonu.
  3184 | D:3      | Reached XP level 5. HP: 41/41 MP: 5/7
  3239 | D:3      | Noticed Natasha
  3250 | D:3      | Killed Natasha
  3260 | D:3      | Learned a level 3 spell: Vampiric Draining
  3265 | D:3      | Learned a level 4 spell: Animate Dead
  3768 | D:3      | Noticed a phantom
  4039 | D:3      | Found a one-way gate to the infinite horrors of the Abyss.
  4190 | D:2      | Slain by a phantom

Illustrated notes

Levels and vault maps discovered:
D:1:      lightli_arrival_farm, layout_loops_ring
D:2:      layout_loops_cross, basic_altar
D:3:      due_chaos_kobolds, layout_basic,
          dreamdust_ecumenical_altar_sealed_demon, kennysheep_generic_room_16,
          uniq_natasha

Skill      XL: |  1  2  3  4  5 |
---------------+----------------+-----
Dodging        | 2 |  2.7
Spellcasting   | 2 |  2.6
Fighting       | 1 2 |  2.3
Unarmed Combat | 1 2 |  2.2
Stealth        | |  2.1
Necromancy     | |  4.6

Action                     |  1- 3 |  4- 6 || total
---------------------------+-------+-------++-------
  Melee: Unarmed           |    41 |    48 ||    89
         Punch             |     1 |     4 ||     5
   Cast: Necrotise         |    84 |    93 ||   177
    Use: Potion            |       |     6 ||     6
         Scroll            |       |     2 ||     2
 Armour: Robe              |    17 |    12 ||    29
  Dodge: Dodged            |    50 |    48 ||    98

Table legend: (Time is in decaauts)
 A = Elapsed time spent in this place.
 B = Non-inter-level travel time spent in this place.
 C = Inter-level travel time spent in this place.
 D = Time resting spent in this place.
 E = Time spent auto-exploring this place.
 F = Levels seen in this place.
 G = Mean time per level.
                   A        B        C        D        E       F      G
               +--------+--------+--------+--------+--------+-----+--------+
         Total |   4210 |   3848 |    362 |      0 |   3229 |   3 | 1403.3 |
       Dungeon |   4210 |   3848 |    362 |      0 |   3229 |   3 | 1403.3 |
               +--------+--------+--------+--------+--------+-----+--------+

Top non-repeatable levels by time:
     D:1: 1626 daAuts
     D:2: 1540 daAuts
     D:3: 1043 daAuts
